[Event "ICC tourney 3096 (40 10)"]
[Site "Internet Chess Club"]
[Date "2023.01.07"]
[Round "3"]
[White "THAIN, JACK:jt1819"]
[Black "KURBANOV, ABROR:Abror"]
[Result "1-0"]
[ICCResult "Black checkmated"]
[WhiteElo "1698"]
[BlackElo "1804"]
[Opening "Queen's pawn game"]
[ECO "D00"]
[NIC "QP.07"]
[Time "15:31:29"]
[PlyCount "143"]
[TimeControl "2400+10"]

1. d4 Nf6 2. Nc3 d5 3. Bf4 e6 4. e3 Bd6 5. Nf3 O-O 6. Bd3 b6 7. Qd2 Bb7 8.
O-O c5 9. Rfe1 c4 10. Bf1 a6 11. Bxd6 Qxd6 12. b3 b5 13. bxc4 bxc4 14. Rab1
Bc6 15. Ne5 Nbd7 16. f4 Rab8 17. g4 Qc7 18. g5 Nxe5 19. fxe5 Nd7 20. Bh3
Nxe5 21. dxe5 Qxe5 22. Qd4 Qxg5+ 23. Qg4 Qf6 24. Ne2 e5 25. c3 Qh6 26. Qg3
Rxb1 27. Rxb1 f5 28. Bg2 f4 29. exf4 exf4 30. Qh3 Qg6 31. Rf1 Qd6 32. Nd4
Bb7 33. Qe6+ Qxe6 34. Nxe6 Rf7 35. Rxf4 Rxf4 36. Nxf4 g5 37. Bxd5+ Bxd5 38.
Nxd5 Kf7 39. Ne3 Ke6 40. Nxc4 Kd5 41. Nd2 Kc5 42. a4 Kb6 43. Nb3 Kc6 44. Kf2
Kd5 45. Nd2 h5 46. Ke3 Ke5 47. c4 g4 48. Nb3 h4 49. Nc5 h3 50. Kf2 Kd4 51.
Nxa6 Kxc4 52. Kg3 Kb3 53. Kxg4 Kxa4 54. Kxh3 Kb5 55. Kg4 Kc6 56. Kg5 Kd5 57.
h4 Ke6 58. Kg6 Ke5 59. h5 Kf4 60. h6 Kg3 61. h7 Kf3 62. h8=Q Ke3 63. Qe8+
Kd3 64. Qc6 Kd2 65. Qc4 Ke3 66. Kf5 Kf3 67. Qc3+ Ke2 68. Ke4 Kf2 69. Qf3+
Ke1 70. Qg2 Kd1 71. Kd3 Ke1 72. Qe2# {Black checkmated} 1-0

[Event "ICC tourney 3096 (40 10)"]
[Site "Internet Chess Club"]
[Date "2023.01.07"]
[Round "4"]
[White "Agrawal, Arvin:championfugman"]
[Black "JIMENEZ, LUIS A:eltuna"]
[Result "0-1"]
[ICCResult "White resigns"]
[WhiteElo "1500"]
[BlackElo "1426"]
[Opening "QGD: 4.Nf3"]
[ECO "D37"]
[NIC "QO.16"]
[Time "17:47:29"]
[PlyCount "94"]
[TimeControl "2400+10"]

1. d4 d5 2. c4 e6 3. Nc3 Nf6 4. Nf3 a6 5. e3 dxc4 6. Bxc4 b5 7. Bd3 Bb7 8.
O-O c5 9. Ne5 Nc6 10. Nxc6 Bxc6 11. Be2 b4 12. Na4 cxd4 13. exd4 Qa5 14. b3
Bd6 15. Bf3 Bxf3 16. Qxf3 O-O 17. Bg5 Qxg5 18. Nb6 Rad8 19. Nc4 Qh5 20. Nxd6
Qxf3 21. gxf3 Rxd6 22. Rfd1 Rfd8 23. Rac1 h5 24. Rc4 a5 25. Rc5 Rd5 26. Rc4
h4 27. Kg2 e5 28. Kh3 Rxd4 29. Rdxd4 Rxd4 30. Rxd4 exd4 31. Kg2 Nd5 32. Kf1
Nf4 33. Ke1 d3 34. Kd2 f5 35. Ke3 Kf7 36. Kd2 g5 37. Ke3 Ke6 38. Kd2 Kd5 39.
Ke3 h3 40. Kd2 Kd4 41. Kd1 Kc3 42. Kc1 Ne2+ 43. Kd1 Ng1 44. f4 g4 45. f3
gxf3 46. a4 bxa3 47. b4 f2 {White resigns} 0-1

[Event "ICC tourney 3096 (40 10)"]
[Site "Internet Chess Club"]
[Date "2023.01.07"]
[Round "4"]
[White "NAMBIAR, AARAV THILOP:AaravThilop"]
[Black "Agarwal, Aayansh:AayanshAgarwal"]
[Result "1-0"]
[ICCResult "Black checkmated"]
[WhiteElo "1577"]
[BlackElo "585"]
[Opening "Giuoco Piano"]
[ECO "C54"]
[NIC "IG.02"]
[Time "17:47:15"]
[PlyCount "125"]
[TimeControl "2400+10"]

1. e4 e5 2. Nf3 Nc6 3. Bc4 Bc5 4. c3 Nf6 5. d3 h6 6. a4 a5 7. O-O O-O 8. d4
exd4 9. cxd4 Ba7 10. e5 Nh7 11. d5 Nb4 12. Bd2 Re8 13. Bxb4 axb4 14. d6 cxd6
15. exd6 Bc5 16. Qd5 Ba7 17. Qxf7+ Kh8 18. Nh4 Ng5 19. Ng6+ Kh7 20. Qf5 Qf6
21. Qxf6 gxf6 22. Ne7 Ne6 23. Nd2 Bc5 24. Ne4 Bd4 25. Rad1 Bxb2 26. Bxe6
dxe6 27. d7 Bxd7 28. Rxd7 Rxa4 29. Rxb7 b3 30. Nc5 Rc4 31. Nxb3 Be5 32. Nc6+
Kg6 33. Nxe5+ fxe5 34. g3 Re4 35. Rb6 Kf5 36. Nc5 Rc4 37. Nb7 Rd4 38. Nd6+
Rxd6 39. Rxd6 h5 40. Re1 Re7 41. Rc6 Re8 42. Rc5 Kf6 43. Rexe5 Re7 44. Rxh5
e5 45. Rhxe5 Rxe5 46. Rxe5 Kxe5 47. Kg2 Kf5 48. Kf3 Kg5 49. h4+ Kh5 50. Kf4
Kg6 51. g4 Kf6 52. h5 Kg7 53. Kf5 Kf7 54. g5 Kg7 55. h6+ Kf7 56. g6+ Kg8 57.
Kf6 Kh8 58. f4 Kg8 59. h7+ Kh8 60. g7+ Kxh7 61. Kf7 Kh6 62. g8=Q Kh5 63.
Qg5# {Black checkmated} 1-0

[Event "ICC tourney 3096 (40 10)"]
[Site "Internet Chess Club"]
[Date "2023.01.07"]
[Round "4"]
[White "Liu, Lucas:K03-16947300"]
[Black "Hernandez-Visbal, Arthur:thechessgod22"]
[Result "0-1"]
[ICCResult "White checkmated"]
[WhiteElo "1458"]
[BlackElo "1628"]
[Opening "Caro-Kann: exchange variation"]
[ECO "B13"]
[NIC "CK.02"]
[Time "17:47:39"]
[PlyCount "122"]
[TimeControl "2400+10"]

1. e4 c6 2. d4 d5 3. exd5 cxd5 4. Nc3 Nf6 5. Bg5 Nc6 6. Bb5 g6 7. Nf3 Bg7 8.
O-O O-O 9. h3 Bf5 10. Re1 e6 11. Ne5 h6 12. Bxf6 Bxf6 13. g4 Bxe5 14. dxe5
Be4 15. f3 Qb6+ 16. Kh1 Nxe5 17. fxe4 d4 18. Ne2 Qxb5 19. Qxd4 Nf3 20. Qf6
Nxe1 21. Rxe1 Rad8 22. Nf4 Qg5 23. Qxg5 hxg5 24. Nd3 f5 25. exf5 exf5 26.
gxf5 gxf5 27. Rg1 Kh7 28. Rxg5 Kh6 29. Rg3 Rde8 30. Rg2 f4 31. Rf2 f3 32.
Kh2 Re2 33. Kg3 Re3 34. Nf4 Rg8+ 35. Kh2 Rf8 36. Kg3 Rf7 37. Rxf3 Rxf3+ 38.
Kxf3 Kg5 39. h4+ Kxh4 40. Ke3 Kg4 41. Nd5 Rf3+ 42. Kd4 Kf5 43. Ne7+ Ke6 44.
Nc8 Rf4+ 45. Kc3 Ra4 46. Kb3 Ra6 47. a3 Kd7 48. Nxa7 Rxa7 49. c3 Kc6 50. Ka2
Kc5 51. b3 Ra8 52. Kb2 Rg8 53. Kc2 Kd5 54. a4 Rg2+ 55. Kd3 Rg3+ 56. Kc2 b6
57. Kd2 Ke4 58. b4 Rg2+ 59. Kc1 Kd3 60. a5 Kxc3 61. axb6 Rg1# {White
checkmated} 0-1

[Event "ICC tourney 3096 (40 10)"]
[Site "Internet Chess Club"]
[Date "2023.01.07"]
[Round "4"]
[White "KURBANOV, ABROR:Abror"]
[Black "TANG, VINCENT:VincentT2008"]
[Result "1-0"]
[ICCResult "Black resigns"]
[WhiteElo "1804"]
[BlackElo "1729"]
[Opening "Scotch: Mieses variation"]
[ECO "C45"]
[NIC "SO.04"]
[Time "17:47:20"]
[PlyCount "88"]
[TimeControl "2400+10"]

1. e4 e5 2. Nf3 Nc6 3. d4 exd4 4. Nxd4 Nf6 5. Nxc6 bxc6 6. e5 Qe7 7. Qe2 Nd5
8. c4 Ba6 9. b3 g5 10. g3 Bg7 11. Bb2 O-O-O 12. Bg2 Rde8 13. O-O Nb6 14. Re1
f6 15. Nd2 fxe5 16. Ne4 d5 17. Qg4+ Kb8 18. cxd5 cxd5 19. Nxg5 h5 20. Qh4
Bf6 21. f4 e4 22. Bxf6 Qxf6 23. Nf3 Qxh4 24. Nxh4 Nd7 25. Rad1 Bb7 26. Bxe4
Rxe4 27. Rxe4 dxe4 28. Rxd7 Bc6 29. Rd1 e3 30. Re1 Re8 31. Ng2 Rd8 32. Nxe3
Rd2 33. f5 Rxa2 34. f6 Be8 35. Nf5 Bg6 36. Nh6 Rd2 37. f7 Rd8 38. Re6 Rd1+
39. Kg2 Rd2+ 40. Kh3 Bxf7 41. Nxf7 Rb2 42. Re3 a5 43. Ne5 Kb7 44. Nc4 Ra2
{Black resigns}
1-0

[Event "ICC tourney 3096 (40 10)"]
[Site "Internet Chess Club"]
[Date "2023.01.07"]
[Round "4"]
[White "Wu, Zhuoyuan:Jake000"]
[Black "HANKE, HARVEY:ThinkingPanda"]
[Result "0-1"]
[ICCResult "White checkmated"]
[WhiteElo "1535"]
[BlackElo "1646"]
[Opening "King's Indian, 3.Nf3"]
[ECO "E61"]
[NIC "KI.76"]
[Time "17:48:20"]
[PlyCount "96"]
[TimeControl "2400+10"]

1. Nf3 Nf6 2. d4 g6 3. c4 Bg7 4. Nc3 d6 5. Bf4 O-O 6. e3 Nbd7 7. Bd3 Qe8 8.
O-O e5 9. Bxg6 exf4 10. Bc2 fxe3 11. Re1 exf2+ 12. Kxf2 Qd8 13. Qd3 Re8 14.
Rxe8+ Qxe8 15. Ng5 Nf8 16. Nd5 Nxd5 17. cxd5 f5 18. Re1 Qg6 19. Ne6 Nxe6 20.
dxe6 Bxe6 21. Qb5 Bxd4+ 22. Kf1 Be5 23. Qxb7 Re8 24. Qxc7 Rc8 25. Qe7 Rxc2
26. Qd8+ Kg7 27. Qe7+ Kh8 28. Qb7 Qg8 29. Rd1 Rxb2 30. Qf3 Bc4+ 31. Kg1 Be2
32. Qxf5 Bxd1 33. Qe4 Qxg2+ 34. Qxg2 Rxg2+ 35. Kxg2 Kg7 36. Kf2 Bxh2 37. a4
Bxa4 38. Ke3 Be5 39. Ke4 Bc6+ 40. Kf5 a5 41. Ke6 a4 42. Ke7 a3 43. Kd8 a2
44. Kc7 a1=Q 45. Kb6 Bd5 46. Kc7 Qa7+ 47. Kc8 Be6+ 48. Kd8 Qd7#
{White checkmated}
0-1

[Event "ICC tourney 3096 (40 10)"]
[Site "Internet Chess Club"]
[Date "2023.01.07"]
[Round "4"]
[White "HELMSEN, GAVIN:ghelmsen"]
[Black "Mehta, Aarav Amit:amitmehta22"]
[Result "1-0"]
[ICCResult "Black resigns"]
[WhiteElo "1547"]
[BlackElo "1360"]
[Opening "Sicilian: closed"]
[ECO "B23"]
[NIC "SI.44"]
[Time "17:47:18"]
[PlyCount "51"]
[TimeControl "2400+10"]

1. e4 c5 2. Nc3 e6 3. Nge2 d5 4. exd5 exd5 5. d4 Nf6 6. g3 Nc6 7. Bg2 Be6 8.
Bg5 c4 9. Bxf6 gxf6 10. Nf4 Ne7 11. Qe2 Qd7 12. Ncxd5 O-O-O 13. Qxc4+ Kb8
14. Nxe6 Qxe6+ 15. Ne3 Qxc4 16. Nxc4 Rxd4 17. Na5 b6 18. Nb3 Rd8 19. O-O Ng6
20. Rad1 Bh6 21. Nd4 Ne7 22. Rfe1 Bf8 23. Re3 Rc8 24. Nb5 Ng6 25. Rd7 a6 26.
Rb7+ {Black resigns} 1-0

[Event "ICC tourney 3096 (40 10)"]
[Site "Internet Chess Club"]
[Date "2023.01.07"]
[Round "4"]
[White "HERRERA, JAMES:Jimherrera"]
[Black "LUCKANISH, ALEX:AwesomeAlex92"]
[Result "1-0"]
[ICCResult "Black checkmated"]
[WhiteElo "1517"]
[BlackElo "1342"]
[Opening "French: Winawer, advance, positional main line"]
[ECO "C19"]
[NIC "FR.12"]
[Time "17:47:11"]
[PlyCount "67"]
[TimeControl "2400+10"]

1. e4 e6 2. d4 d5 3. Nc3 Bb4 4. e5 c5 5. a3 Bxc3+ 6. bxc3 Ne7 7. Nf3 Qc7 8.
Bd3 Nbc6 9. O-O Bd7 10. Bd2 h6 11. Rb1 b6 12. Qe2 c4 13. Bxc4 dxc4 14. Qxc4
Rc8 15. Qe2 O-O 16. Nh4 Nf5 17. Nxf5 exf5 18. f4 Ne7 19. Rf3 Bc6 20. Rh3 Be4
21. Rc1 Nd5 22. Qe1 Qc4 23. Qg3 Rc6 24. Qf2 Rfc8 25. Qe1 Qa4 26. g4 Nxc3 27.
Bxc3 Rxc3 28. Rxc3 Qxd4+ 29. Re3 Rc3 30. Qxc3 Qd5 31. gxf5 Bh1 32. Rg3 h5
33. e6 h4 34. Qxg7# {Black checkmated} 1-0

[Event "ICC tourney 3096 (40 10)"]
[Site "Internet Chess Club"]
[Date "2023.01.07"]
[Round "4"]
[White "ZHANG, ARI:brass60Six"]
[Black "DUBE, DANIEL:betterone76"]
[Result "1/2-1/2"]
[ICCResult "Game drawn by mutual agreement"]
[WhiteElo "1370"]
[BlackElo "1850"]
[Opening "King's Indian defense, 3.Nc3"]
[ECO "E61"]
[NIC "KI.80"]
[Time "17:47:12"]
[PlyCount "76"]
[TimeControl "2400+10"]

1. d4 Nf6 2. c4 g6 3. Nc3 Bg7 4. Nf3 O-O 5. e3 d6 6. Be2 Nbd7 7. O-O e5 8.
dxe5 dxe5 9. Qc2 c6 10. e4 Qc7 11. h3 Re8 12. Be3 Nf8 13. Rad1 Ne6 14. Qc1
Nh5 15. Ng5 Nef4 16. Bxh5 Nxh5 17. Nf3 f5 18. Bc5 Nf4 19. Bd6 Qa5 20. Qe3
Be6 21. exf5 Bxc4 22. fxg6 Bxf1 23. gxh7+ Kh8 24. Kxf1 Re6 25. Ng5 Rg6 26.
Nce4 Qb5+ 27. Kg1 Qe2 28. Qb3 Ne6 29. Nxe6 Rxe6 30. Qxe6 Qxd1+ 31. Kh2 Qd5
32. Qg6 Qd4 33. Bc5 Qc4 34. Ng5 Rf8 35. Bxf8 Qf4+ 36. Kh1 Qc1+ 37. Kh2 Qf4+
38. Kg1 Qc1+ {Game drawn by mutual agreement} 1/2-1/2

[Event "ICC tourney 3096 (40 10)"]
[Site "Internet Chess Club"]
[Date "2023.01.07"]
[Round "4"]
[White "Anthony, Joseph:ajk170378"]
[Black "Feng, Jay:TheDeadlyPawn"]
[Result "1-0"]
[ICCResult "Black resigns"]
[WhiteElo "1862"]
[BlackElo "1650"]
[Opening "Caro-Kann: advance variation"]
[ECO "B12"]
[NIC "CK.02"]
[Time "17:47:12"]
[PlyCount "71"]
[TimeControl "2400+10"]

1. e4 c6 2. d4 d5 3. e5 c5 4. dxc5 Nc6 5. Nf3 Bg4 6. Bb5 e6 7. Be3 Ne7 8.
O-O Nf5 9. Qe2 Qc7 10. c3 Bxf3 11. Qxf3 Qxe5 12. Re1 Bxc5 13. Bd2 Qf6 14.
Qxd5 Bxf2+ 15. Kxf2 Ne3+ 16. Qf3 Qxf3+ 17. gxf3 Nc2 18. Na3 Nxa1 19. Rxa1
O-O-O 20. Be3 Rd7 21. Ke2 Rhd8 22. Nc4 Kb8 23. Bxc6 bxc6 24. Ne5 Rc7 25. Bf4
Kb7 26. Rd1 Rxd1 27. Kxd1 f6 28. Nc4 e5 29. Be3 Rd7+ 30. Ke2 Rd5 31. b4 a6
32. a4 f5 33. Na5+ Kc7 34. Nb3 Kd6 35. c4 Rd4 36. Bxd4 {Black resigns} 1-0

[Event "ICC tourney 3096 (40 10)"]
[Site "Internet Chess Club"]
[Date "2023.01.07"]
[Round "4"]
[White "BLIZNIUK, STANISLAW:Sbliz20"]
[Black "THAIN, JACK:jt1819"]
[Result "1-0"]
[ICCResult "Black checkmated"]
[WhiteElo "1736"]
[BlackElo "1698"]
[Opening "Trompowsky attack (Ruth, Opocenský opening)"]
[ECO "A45"]
[NIC "QP.07"]
[Time "17:47:07"]
[PlyCount "75"]
[TimeControl "2400+10"]

1. d4 Nf6 2. Bg5 e6 3. e4 Be7 4. e5 Nd5 5. Bxe7 Nxe7 6. Nf3 d6 7. Bd3 Nbc6
8. Nbd2 Ng6 9. Bxg6 hxg6 10. Qe2 b6 11. O-O-O d5 12. Kb1 a5 13. Qe3 b5 14.
Nb3 a4 15. Nc5 Na5 16. a3 Nc4 17. Qf4 Qe7 18. Rdg1 Rb8 19. c3 Nb6 20. g4 Nd7
21. Nd3 c5 22. dxc5 Nxc5 23. Nxc5 Qxc5 24. h4 Qc4 25. Nd4 Rf8 26. h5 Qd3+
27. Ka1 Qe4 28. Qg5 f6 29. exf6 gxf6 30. Qh6 g5 31. Re1 Qxg4 32. Qg6+ Rf7
33. h6 b4 34. h7 bxa3 35. h8=Q+ Ke7 36. Qxf7+ Kd6 37. Qd8+ Kc5 38. Qfc7#
{Black checkmated}
1-0

[Event "ICC tourney 3096 (40 10)"]
[Site "Internet Chess Club"]
[Date "2023.01.07"]
[Round "4"]
[White "Wang, Darren:thinkorswim"]
[Black "PU, LANDON:landonp"]
[Result "0-1"]
[ICCResult "White checkmated"]
[WhiteElo "1165"]
[BlackElo "1557"]
[Opening "Giuoco Pianissimo"]
[ECO "C50"]
[NIC "IG.02"]
[Time "17:47:13"]
[PlyCount "152"]
[TimeControl "2400+10"]

1. e4 e5 2. Nf3 Nc6 3. Bc4 Bc5 4. d3 Nf6 5. O-O d6 6. c3 Ne7 7. a4 a6 8. h3
Ng6 9. Qb3 O-O 10. Ng5 Qe7 11. Nd2 h6 12. Ngf3 Nf4 13. Kh2 c6 14. d4 exd4
15. cxd4 Ba7 16. Re1 Qc7 17. e5 dxe5 18. dxe5 Nd7 19. Ne4 Ng6 20. Nd6 Ndxe5
21. Nxe5 Nxe5 22. Rxe5 Qxd6 23. Bf4 Qf6 24. Bg3 b5 25. axb5 axb5 26. Be2 Be6
27. Qc2 Bxf2 28. Bxf2 Rxa1 29. Bg3 Bc4 30. Bxc4 bxc4 31. Qxc4 Qf1 32. Qxf1
Rxf1 33. Rc5 Rc8 34. Be5 Rf5 35. g4 Rg5 36. Bd6 Rxc5 37. Bxc5 g6 38. Kg3 Rd8
39. Kf4 Rd5 40. b4 Kg7 41. h4 f6 42. Ke4 f5+ 43. gxf5 gxf5+ 44. Kf4 Kf7 45.
h5 Rxc5 46. bxc5 Kf6 47. Ke3 Kg5 48. Kd4 f4 49. Ke5 f3 50. Kd6 f2 51. Kxc6
f1=Q 52. Kd6 Qf8+ 53. Kd5 Qxc5+ 54. Kxc5 Kxh5 55. Kd4 Kg4 56. Ke3 Kg3 57.
Ke2 Kg2 58. Ke3 h5 59. Kf4 h4 60. Kg4 h3 61. Kf4 h2 62. Kg4 h1=Q 63. Kf5
Qh3+ 64. Ke5 Qg4 65. Kd5 Qf5+ 66. Kd4 Kf3 67. Kc4 Qd7 68. Kc5 Ke3 69. Kc4
Qd4+ 70. Kb5 Qc3 71. Kb6 Kd4 72. Kb7 Qc5 73. Kb8 Qe7 74. Ka8 Kc5 75. Kb8 Kb6
76. Ka8 Qa7# {White checkmated} 0-1

[Event "ICC tourney 3096 (40 10)"]
[Site "Internet Chess Club"]
[Date "2023.01.07"]
[Round "4"]
[White "SWEEZEY, RYAN:apiguponarock"]
[Black "WANG, CHLOE HEATHER:kittycat35"]
[Result "0-1"]
[ICCResult "White forfeits on time"]
[WhiteElo "1041"]
[BlackElo "1586"]
[Opening "Ruy Lopez: closed, Keres (...Nd7) defense"]
[ECO "C96"]
[NIC "RL.23"]
[Time "17:47:10"]
[PlyCount "84"]
[TimeControl "2400+10"]

1. e4 e5 2. Nf3 Nc6 3. Bb5 a6 4. Ba4 Nf6 5. O-O Be7 6. Re1 b5 7. Bb3 d6 8.
h3 O-O 9. c3 Na5 10. Bc2 c5 11. d4 Nd7 12. Nbd2 exd4 13. cxd4 Nc6 14. Nf1
Bf6 15. Be3 Qb6 16. dxc5 dxc5 17. Rb1 Rd8 18. Qd6 Nb4 19. Qxb6 Nxb6 20. Re2
Be7 21. Bb3 Be6 22. Bxe6 fxe6 23. a3 Nd3 24. Ne1 Nc4 25. Nxd3 Rxd3 26. Bc1
Rad8 27. b3 Na5 28. Nd2 Bg5 29. b4 Bxd2 30. Rxd2 Rxd2 31. Bxd2 Rxd2 32. bxa5
Rd3 33. Ra1 Kf7 34. Kf1 Rd4 35. f3 Rd2 36. g3 Kf6 37. h4 Ke5 38. Ke1 Rd3 39.
Ke2 Kd4 40. Ra2 Re3+ 41. Kf2 Rd3 42. Ke2 Kc3 {White forfeits on time} 0-1

[Event "ICC tourney 3096 (40 10)"]
[Site "Internet Chess Club"]
[Date "2023.01.07"]
[Round "5"]
[White "Mehta, Aarav Amit:amitmehta22"]
[Black "Liu, Lucas:K03-16947300"]
[Result "1-0"]
[ICCResult "Black checkmated"]
[WhiteElo "1360"]
[BlackElo "1458"]
[Opening "Caro-Kann: advance variation"]
[ECO "B12"]
[NIC "CK.04"]
[Time "20:00:12"]
[PlyCount "31"]
[TimeControl "2400+10"]

1. e4 c6 2. d4 d5 3. e5 Bf5 4. h4 h6 5. g4 Bh7 6. e6 fxe6 7. Bd3 Bxd3 8.
Qxd3 Qd6 9. Qg6+ Kd8 10. Nf3 Nd7 11. g5 e5 12. Qf7 exd4 13. Nxd4 Qe5+ 14.
Be3 c5 15. Ne6+ Kc8 16. Qe8# {Black checkmated} 1-0

[Event "ICC tourney 3096 (40 10)"]
[Site "Internet Chess Club"]
[Date "2023.01.07"]
[Round "5"]
[White "DUBE, DANIEL:betterone76"]
[Black "SWEEZEY, RYAN:apiguponarock"]
[Result "1-0"]
[ICCResult "Black resigns"]
[WhiteElo "1850"]
[BlackElo "1041"]
[Opening "Catalan: open, classical line"]
[ECO "E05"]
[NIC "CA.05"]
[Time "20:00:14"]
[PlyCount "37"]
[TimeControl "2400+10"]

1. d4 d5 2. c4 e6 3. Nf3 Nf6 4. g3 dxc4 5. Bg2 Be7 6. O-O O-O 7. Qc2 b5 8.
a4 c6 9. axb5 Bb7 10. Ne5 Qb6 11. bxc6 Nxc6 12. Nxc4 Qxd4 13. Be3 Qd7 14.
Rd1 Qc8 15. Nd6 Bxd6 16. Bxc6 Be7 17. Rc1 Rd8 18. Bxb7 Rd1+ 19. Qxd1
{Black resigns}
1-0

[Event "ICC tourney 3096 (40 10)"]
[Site "Internet Chess Club"]
[Date "2023.01.07"]
[Round "5"]
[White "TANG, VINCENT:VincentT2008"]
[Black "BRUDNO, STEPHEN:StevChess01"]
[Result "0-1"]
[ICCResult "White resigns"]
[WhiteElo "1729"]
[BlackElo "1530"]
[Opening "King's Indian: Four pawns attack, dynamic line"]
[ECO "A56"]
[NIC "BI.38"]
[Time "20:04:19"]
[PlyCount "54"]
[TimeControl "2400+10"]

1. d4 Nf6 2. c4 c5 3. d5 g6 4. Nc3 Bg7 5. e4 d6 6. f4 O-O 7. Nf3 e6 8. e5
dxe5 9. fxe5 Nfd7 10. Bf4 Nb6 11. d6 Nc6 12. a4 f6 13. exf6 Bxf6 14. a5 Nd7
15. Bh6 Bg7 16. Bxg7 Kxg7 17. Nb5 Qf6 18. Qd2 Nde5 19. Be2 Nxf3+ 20. Bxf3
Bd7 21. O-O Qh4 22. Qe2 Rf6 23. g3 Qg5 24. Kg2 Raf8 25. h4 Qh6 26. Rf2 a6
27. Nc3 Nd4 {White resigns} 0-1

[Event "ICC tourney 3096 (40 10)"]
[Site "Internet Chess Club"]
[Date "2023.01.07"]
[Round "5"]
[White "BLIZNIUK, STANISLAW:Sbliz20"]
[Black "Anthony, Joseph:ajk170378"]
[Result "1/2-1/2"]
[ICCResult "Game drawn by mutual agreement"]
[WhiteElo "1736"]
[BlackElo "1862"]
[Opening "Trompowsky attack (Ruth, Opocenský opening)"]
[ECO "A45"]
[NIC "QP.07"]
[Time "20:00:11"]
[PlyCount "77"]
[TimeControl "2400+10"]

1. d4 Nf6 2. Bg5 e6 3. e4 h6 4. Bxf6 Qxf6 5. c3 d6 6. Nf3 Nd7 7. Nbd2 g6 8.
Be2 Bg7 9. O-O O-O 10. Qc2 e5 11. Rfe1 Re8 12. Rad1 c6 13. a4 a5 14. h3 Nb6
15. Nc4 Nxc4 16. Bxc4 Bxh3 17. dxe5 dxe5 18. gxh3 Qxf3 19. Qd3 Qf4 20. Qg3
Qxg3+ 21. fxg3 Rad8 22. Rf1 Rxd1 23. Rxd1 Kf8 24. Rd7 Re7 25. Rxe7 Kxe7 26.
Kf2 f5 27. exf5 gxf5 28. g4 f4 29. Kf3 Kd6 30. Ke4 Kc5 31. Bd3 b5 32. axb5
cxb5 33. h4 Bf6 34. h5 b4 35. cxb4+ axb4 36. b3 Bg7 37. Bc4 Bh8 38. Bd5 Bg7
39. Bc4 {Game drawn by mutual agreement} 1/2-1/2

[Event "ICC tourney 3096 (40 10)"]
[Site "Internet Chess Club"]
[Date "2023.01.07"]
[Round "5"]
[White "HERRERA, JAMES:Jimherrera"]
[Black "NAMBIAR, AARAV THILOP:AaravThilop"]
[Result "0-1"]
[ICCResult "White resigns"]
[WhiteElo "1517"]
[BlackElo "1577"]
[Opening "Caro-Kann: classical variation"]
[ECO "B18"]
[NIC "CK.10"]
[Time "20:00:18"]
[PlyCount "68"]
[TimeControl "2400+10"]

1. e4 c6 2. d4 d5 3. Nc3 dxe4 4. Nxe4 Bf5 5. Ng3 Bg6 6. Nf3 Nd7 7. Bd3 Ngf6
8. h4 Bxd3 9. Qxd3 h6 10. Bd2 e6 11. O-O-O b5 12. Bf4 Nd5 13. Be5 Qa5 14.
Qb3 c5 15. c4 bxc4 16. Qxc4 N7b6 17. Qc2 Qxa2 18. dxc5 Rc8 19. Ne4 Nb4 20.
Qe2 Nc4 21. Nc3 Qa1+ 22. Nb1 Rxc5 23. Bc3 Na2+ 24. Kc2 Nxc3 25. Rd8+ Kxd8
26. Qd3+ Nd5 27. Qb3 Qxb2+ 28. Qxb2 Nxb2+ 29. Kxb2 Be7 30. Rd1 Bf6+ 31. Kb3
Ke7 32. Nd4 Rb8+ 33. Ka2 Ra5+ 34. Na3 Nc3+ {White resigns} 0-1

[Event "ICC tourney 3096 (40 10)"]
[Site "Internet Chess Club"]
[Date "2023.01.07"]
[Round "5"]
[White "THAIN, JACK:jt1819"]
[Black "WANG, CHLOE HEATHER:kittycat35"]
[Result "1-0"]
[ICCResult "Black forfeits on time"]
[WhiteElo "1698"]
[BlackElo "1586"]
[Opening "Queen's pawn game"]
[ECO "D00"]
[NIC "QP.07"]
[Time "20:00:37"]
[PlyCount "41"]
[TimeControl "2400+10"]

1. d4 Nf6 2. Nc3 d5 3. Bf4 e6 4. e3 c6 5. Nf3 Bd6 6. Bd3 O-O 7. Qd2 Qc7 8.
Bxd6 Qxd6 9. e4 dxe4 10. Nxe4 Nxe4 11. Bxe4 Nd7 12. c3 Nf6 13. Bd3 Rd8 14.
O-O-O b5 15. h4 a5 16. h5 Qd5 17. Kb1 Ba6 18. Ne5 Qd6 19. h6 g6 20. Qf4 Qe7
21. Nxc6 {Black forfeits on time} 1-0

[Event "ICC tourney 3096 (40 10)"]
[Site "Internet Chess Club"]
[Date "2023.01.07"]
[Round "5"]
[White "WU, DARREN:chessboy111"]
[Black "ZHANG, ARI:brass60Six"]
[Result "0-1"]
[ICCResult "White resigns"]
[WhiteElo "1318"]
[BlackElo "1370"]
[Opening "Sicilian: closed"]
[ECO "B24"]
[NIC "SI.44"]
[Time "20:00:27"]
[PlyCount "94"]
[TimeControl "2400+10"]

1. e4 c5 2. Nc3 Nc6 3. g3 d6 4. Bg2 Nf6 5. d3 e6 6. Nge2 Be7 7. f4 h6 8. O-O
O-O 9. h3 a6 10. a4 Rb8 11. g4 Nh7 12. Ng3 Nd4 13. Nce2 Nxe2+ 14. Qxe2 Bd7
15. f5 exf5 16. Nxf5 Bxf5 17. exf5 Re8 18. Qf3 Bf6 19. c3 Ng5 20. Bxg5 Bxg5
21. Rae1 Rxe1 22. Rxe1 Bf6 23. Qd5 Qd7 24. Re4 b5 25. Qb3 Qa7 26. Qc2 Qb6
27. Re2 Qc7 28. axb5 axb5 29. b3 Qd7 30. Bf3 d5 31. Bg2 Qd6 32. Rd2 Re8 33.
Re2 Ra8 34. Re1 Rd8 35. Re2 Ra8 36. Re1 Rd8 37. Re2 Ra8 38. Re1 b4 39. c4
Bd4+ 40. Kh1 Qg3 41. Qe2 Rf8 42. cxd5 Bc3 43. Rf1 Be5 44. Bf3 Qxh3+ 45. Kg1
Bd4+ 46. Rf2 Qg3+ 47. Kf1 Ra8 {White resigns} 0-1

[Event "ICC tourney 3096 (40 10)"]
[Site "Internet Chess Club"]
[Date "2023.01.07"]
[Round "5"]
[White "LUCKANISH, ALEX:AwesomeAlex92"]
[Black "PU, LANDON:landonp"]
[Result "0-1"]
[ICCResult "White checkmated"]
[WhiteElo "1342"]
[BlackElo "1557"]
[Opening "Giuoco Piano: Möller (Therkatz) attack"]
[ECO "C54"]
[NIC "IG.02"]
[Time "20:01:08"]
[PlyCount "110"]
[TimeControl "2400+10"]

1. e4 e5 2. Nf3 Nc6 3. Bc4 Bc5 4. c3 Nf6 5. d4 exd4 6. cxd4 Bb4+ 7. Nc3 Nxe4
8. O-O Bxc3 9. d5 Ne5 10. bxc3 Nxc4 11. Qd4 O-O 12. Qxc4 Nf6 13. d6 cxd6 14.
Ba3 b6 15. Bxd6 Re8 16. Ng5 Re6 17. Nxe6 dxe6 18. Rad1 Bb7 19. Be5 Bd5 20.
Qd4 Rc8 21. c4 Rc5 22. cxd5 Nxd5 23. Bxg7 Qg5 24. Rd3 Nf4 25. Qe4 Nxd3 26.
Bd4 Rd5 27. Qxd3 Qg4 28. Rd1 e5 29. f3 Qxd4+ 30. Qxd4 Rxd4 31. Rxd4 exd4 32.
Kf2 Kg7 33. Ke2 Kf6 34. Kd3 Ke5 35. a4 a6 36. Kc4 b5+ 37. axb5 axb5+ 38. Kd3
b4 39. g3 b3 40. Kd2 Kd5 41. Kd3 b2 42. Kc2 Kc4 43. Kxb2 Kd3 44. f4 Ke2 45.
f5 d3 46. g4 d2 47. g5 d1=Q 48. g6 hxg6 49. fxg6 fxg6 50. h4 Qd4+ 51. Ka2
Qb6 52. h5 gxh5 53. Ka3 Kd3 54. Ka2 Kc2 55. Ka3 Qb3# {White checkmated} 0-1